 Dungeon Crawl Stone Soup version 0.22.1-1-ga44c0e5 (webtiles) character file.

69 Starchild the Skirmisher (level 4, -14/38 HPs)
             Began as a Demonspawn Monk on Oct 23, 2018.
             Was a Believer of Uskayaw.
             Demolished by Crazy Yiuf
             ... wielding a +4 quarterstaff of chaos
              (16 damage)
             ... on level 2 of the Dungeon.
             The game lasted 00:03:36 (1323 turns).

Starchild the Skirmisher (Demonspawn Monk)          Turns: 1323, Time: 00:03:37

Health: -14/38     AC:  3    Str: 12    XL:     4   Next: 2%
Magic:  0/5        EV: 18    Int: 12    God:    Uskayaw [**....]
Gold:   83         SH:  0    Dex: 20    Spells: 3/3 levels left

rFire    . . .     SeeInvis .   a - +0 hand axe
rCold    . . .     Gourm    .   (no shield)
rNeg     . . .     Faith    .   b - +0 robe
rPois    .         Spirit   .   (no helmet)
rElec    .         Reflect  .   (no cloak)
rCorr    .         Harm     .   l - +0 pair of gloves (curse)
MR       .....                  (no boots)
Stlth    ++++......             k - amulet of the acrobat
HPRegen  0.12/turn              i - ring of stealth
MPRegen  0.09/turn              (no ring)

@: agile
A: talons 1, powered by death 1, powered by pain 1
a: Stomp, Line Pass, Renounce Religion


You were on level 2 of the Dungeon.
You worshipped Uskayaw.
Uskayaw was noncommittal.
You were hungry.

You visited 1 branch of the dungeon, and saw 2 of its levels.

You collected 83 gold pieces.

Inventory:

Hand Weapons
 a - a +0 hand axe (weapon)
Missiles
 d - 33 stones (quivered)
Armour
 b - a +0 robe (worn)
 l - a cursed +0 pair of gloves (worn)
Jewellery
 i - a ring of stealth (left hand)
 k - an amulet of the acrobat (around neck)
Scrolls
 e - a scroll of enchant weapon {unknown}
 g - a scroll of immolation {unknown}
 h - a scroll of noise {unknown}
 j - a scroll of teleportation {unknown}
 m - a scroll of fear {unknown}
 n - a scroll of remove curse {unknown}
Potions
 f - a potion of lignification {unknown}
 o - a potion of curing {unknown}
 p - 2 potions of haste {unknown}
Comestibles
 c - 2 rations


   Skills:
 - Level 4.5 Fighting
 - Level 2.6 Axes
 - Level 2.6 Dodging
 - Level 1.7 Stealth
 + Level 2.1 Invocations


You had 3 spell levels left.
You didn't know any spells.
Your spell library was empty.

Dungeon Overview and Level Annotations

Branches:
Dungeon (2/15)

Altars:
Uskayaw

Annotations:
D:2 Crazy Yiuf


Innate Abilities, Weirdness & Mutations

You have sharp toenails.
You regenerate a little health from kills.
You sometimes gain a little power by taking damage.


Message History

Crazy Yiuf is almost dead.
Crazy Yiuf closely misses you.
You barely miss Crazy Yiuf.
Crazy Yiuf is almost dead.
Crazy Yiuf says, "Line shoe head!"
Crazy Yiuf misses you.
Crazy Yiuf hits you with a quarterstaff of chaos!
* * * LOW HITPOINT WARNING * * *
You focus on the pain.
You feel agile all of a sudden. Crazy Yiuf burns you.
* * * LOW HITPOINT WARNING * * *
You hit Crazy Yiuf but do no damage. You claw Crazy Yiuf, but do no damage.
Crazy Yiuf is almost dead.
Crazy Yiuf cries, "Snurf song toodlewoodle!"
Crazy Yiuf closely misses you.
You hit Crazy Yiuf.
Crazy Yiuf is almost dead.
Crazy Yiuf hits you with a quarterstaff of chaos!
You die...

#.... #.### #.#
#.# #.# #.###
##### #####....
#)..###
##.....###
#######
#g@.'.####......#
#.....#
#...##..#......##
#.#####
########.#....##
#.# ########
#.#####
#.#...########
###
#.#.#........#
#.########
#.#..##.#..###
#........#
#..)......#.#
########.#


You could see Crazy Yiuf.

Vanquished Creatures
  2 adders (D:2)
  A gnoll (D:1)
  A worm (D:2)
  A leopard gecko (D:1)
  2 ball pythons
  4 bats (D:1)
  2 giant cockroaches
  9 goblins
  3 hobgoblins (D:2)
  A quokka (D:2)
  3 frilled lizards
  6 kobolds
  3 rats
38 creatures vanquished.

Notes
Turn   | Place    | Note
-------+----------+-------------------------------------------
     0 | D:1      | Starchild the Demonspawn Monk began the quest for the Orb.
     0 | D:1      | Reached XP level 1. HP: 18/18 MP: 1/1
   111 | D:1      | Gained mutation: You regenerate a little health from kills.
                  | [demonic ancestry]
   111 | D:1      | Reached XP level 2. HP: 19/24 MP: 2/2
   271 | D:1      | Reached skill level 4 in Fighting
   321 | D:1      | Gained mutation: You have sharp toenails. [demonic
                  | ancestry]
   321 | D:1      | Reached XP level 3. HP: 19/30 MP: 3/3
   635 | D:2      | Found a faded altar of an unknown god.
   656 | D:2      | Became a worshipper of Uskayaw the Reveler
   656 | D:2      | Reached * piety under Uskayaw
   656 | D:2      | Reached ** piety under Uskayaw
  1015 | D:2      | Reached skill level 1 in Invocations
  1272 | D:2      | Gained mutation: You sometimes gain a little power by
                  | taking damage. [demonic ancestry]
  1272 | D:2      | Reached XP level 4. HP: 36/38 MP: 5/5
  1306 | D:2      | Found a runed door.
  1310 | D:2      | Noticed Crazy Yiuf
  1323 | D:2      | Demolished by Crazy Yiuf

Skill      XL: |  1  2  3 |
---------------+----------+-----
Fighting       | 4 |  4.5
Invocations    | 2 |  2.1
Axes           | |  2.6
Dodging        | |  2.6
Stealth        | |  1.7

Action                   |  1- 3 |  4- 6 || total
-------------------------+-------+-------++-------
Melee: Hand axe          |   107 |    12 ||   119
       Kick              |    14 |     4 ||    18
Invok: Stomp             |     1 |       ||     1
 Stab: Sleeping          |     7 |     1 ||     8
       Distracted        |       |     1 ||     1
  Eat: Chunk             |     1 |       ||     1
Armor: Robe              |    20 |     1 ||    21
Dodge: Dodged            |    78 |     6 ||    84
